 Dungeon Crawl Stone Soup version 0.28.0 (webtiles) character file.

Game seed: 17292373661878776338

130 tizbic2 the Magician (level 5, 0/38 HPs)
             Began as a Djinni Conjurer on Feb 6, 2022.
             Slain by Terence (7 damage)
             ... on level 3 of the Dungeon.
             The game lasted 00:15:21 (2981 turns).

tizbic2 the Magician (Djinni Conjurer)              Turns: 2981, Time: 00:15:21

Health: 0/38       AC:  3    Str:  6    XL:     5   Next: 36%
Gold:   66         EV: 11    Int: 19    God:
                   SH:  0    Dex: 14

rFire   + + .      SeeInvis .   c - +0 club (elec)
rCold   x . .      Faith    .   (no shield)
rNeg    . . .      Spirit   .   m - +0 leather armour
rPois   ∞          Reflect  .   (no helmet)
rElec   .          Harm     .   (no cloak)
rCorr   .          Rampage  .   (no gloves)
Will    .....                   (boots unavailable)
Stlth   ++........              (no amulet)
HPRegen 0.12/turn               (no ring)
MPRegen 0.00/turn               (no ring)

@: flying
A: sickness immunity, fire resistance 2, cold vulnerability 1, float, innate
caster, HP casting, extra vitality 1
a: no special abilities


You were on level 3 of the Dungeon.
You visited 1 branch of the dungeon, and saw 3 of its levels.

You collected 66 gold pieces.

Inventory:

Hand Weapons
 c - a +0 club of electrocution (weapon)
Missiles
 d - 45 bolts
 e - 98 stones (quivered)
 k - 3 poisoned darts
Armour
 a - a +1 robe
 m - a +0 leather armour (worn)
Scrolls
 f - 2 scrolls of teleportation
 i - a scroll of identify {unknown}
Potions
 b - a potion of flight {unknown}
 g - a potion of attraction {unknown}
 h - a potion of haste {unknown}
 j - a potion of magic {unknown}
 l - a potion of lignification {unknown}
 n - a potion of invisibility {unknown}


   Skills:
 + Level 2.1 Fighting
 + Level 1.6 Maces & Flails
 - Level 0.6 Throwing
 - Level 2.1 Dodging
 - Level 1.5 Stealth
 * Level 4.0 Spellcasting


You couldn't memorise any spells.
You knew the following spells:

 Your Spells              Type           Power      Damage    Failure   Level
a - Magic Dart            Conj           76%        1d6       4%          1
b - Searing Ray           Conj           38%        2d5       6%          2
c - Dazzling Flash        Conj/Hex       38%        N/A       12%         3
d - Fulminant Prism       Conj/Hex       9%         3d7       36%         4
e - Iskenderun's Mystic   Conj/Tloc      19%        2d6       36%         4
f - Summon Small Mammal   Summ           76%        N/A       4%          1
g - Corpse Rot            Necr/Air       38%        N/A       6%          2
Your spell library was empty.

Dungeon Overview and Level Annotations

Branches:
Dungeon (3/15)

Altars:
Kikubaaqudgha

Shops:
D:3 (

Annotations:
D:3 Terence


Innate Abilities, Weirdness & Mutations

You are immune to sickness and miasma.
You are immune to poison.
Your flesh is very heat resistant. (rF++)
You are vulnerable to cold. (rC-)
You float through the air rather than walking.
You learn spells naturally, not from books.
Your magical power is your life essence.
You have superior vitality. (+4 MHP)


Message History

Really fire at your fulminant prism?
The magic dart hits your fulminant prism.
Your fulminant prism explodes!
The blast of energy engulfs Terence.
Terence is heavily wounded.
The blast of energy engulfs the goblin.
You kill the goblin!
Casting: Magic Dart (safe; 4% risk of failure)
Confirm with . or Enter, or press ? or * to list all spells.
Aiming: Searing Ray (safe; 6% risk of failure)
Press: ? - help, Shift-Dir - straight line, f - Terence
Aim: Terence, wielding a +2 falchion of holy wrath and wearing a +0 chain mail (heavily wounded, 84% to hit)
The searing ray hits Terence.
Terence is severely wounded. (Press . to maintain the ray.)
The searing ray hits Terence.
Terence is almost dead.
Terence hits you with a +2 falchion of holy wrath.
The searing ray hits Terence but does no damage.
Terence is almost dead.
Terence closely misses you.
The searing ray misses Terence.
You finish channelling your searing ray.
Terence hits you with a +2 falchion of holy wrath!
Terence hits you with a +2 falchion of holy wrath.
Terence closely misses you. Terence barely misses you.
Terence hits you with a +2 falchion of holy wrath!
* * * LOW HITPOINT WARNING * * *
Casting: Searing Ray (safe; 6% risk of failure)
Confirm with . or Enter, or press ? or * to list all spells.
Aiming: Searing Ray (safe; 6% risk of failure)
Press: ? - help, Shift-Dir - straight line, f/p - Terence
Aim: Terence, wielding a +2 falchion of holy wrath and wearing a +0 chain mail (severely wounded, 84% to hit)
The searing ray hits Terence but does no damage.
Terence is severely wounded. (Press . to maintain the ray.)
* * * LOW HITPOINT WARNING * * *
Terence hits you with a +2 falchion of holy wrath!
You die...

......# ..## #..
......# #... #..
.###### #.)♣ ... ## ###
#..♣♣.P # #.# #...P♣♣ #
###.### #..P.P♣ #
####.....######...P♣ #
#.............@#..P♣ #
#..##..##..##.@###P..P.
# #.####....# ##.# #P.♣
# #.## ##..## ##.# #.
###..## #..# ##..#
......###.†###...#
##..#..........#.#
#..#..........#.#
#....###..###...#
#...## #..# ##..#


You could see Terence.

Vanquished Creatures
  5 adders
  3 gnolls (D:2)
  An adder skeleton (D:2)
  2 dart slugs
  2 bats (D:2)
  4 endoplasms
  A giant cockroach (D:1)
  5 goblins
  3 hobgoblins
  6 jackals
  2 kobolds
  3 quokkas
  4 ball pythons
  2 frilled lizards
  6 rats
  A fulminant prism (D:3)
50 creatures vanquished.

Vanquished Creatures (collateral kills)
  A kobold (D:2)
1 creature vanquished.

Vanquished Creatures (others)
  A fulminant prism (D:2)
1 creature vanquished.

Grand Total: 52 creatures vanquished

Notes
Turn   | Place    | Note
-------+----------+-------------------------------------------
     0 | D:1      | tizbic2 the Djinni Conjurer began the quest for the Orb.
     0 | D:1      | Reached XP level 1. HP: 15/15 MP: 0/0
   335 | D:1      | Reached XP level 2. HP: 5/21 MP: 0/0
  1517 | D:1      | Reached XP level 3. HP: 13/26 MP: 0/0
  1517 | D:1      | Learned a level 1 spell: Summon Small Mammal
  1847 | D:2      | Reached skill level 1 in Fighting
  1958 | D:2      | Reached skill level 1 in Maces & Flails
  1958 | D:2      | Reached XP level 4. HP: 23/32 MP: 0/0
  2511 | D:2      | Reached XP level 5. HP: 30/38 MP: 0/0
  2511 | D:2      | Learned a level 2 spell: Corpse Rot
  2687 | D:2      | Reached skill level 4 in Spellcasting
  2825 | D:3      | Found a faded altar of an unknown god.
  2864 | D:3      | Found Hute Ysi's Weapon Shoppe.
  2966 | D:3      | Noticed Terence
  2981 | D:3      | Slain by Terence

Illustrated notes

Levels and vault maps discovered:
D:1:      saegor_arrival_simple_b, layout_basic, serial_curves, eino_curves_01,
          eino_curves_02, eino_curves_03
D:2:      layout_loops_ring, basic_altar
D:3:      layout_basic, serial_shops, nicolae_shop_hallway_plus, shop,
          nicolae_shop_bloodbath_and_beyond, shop_fountains,
          dreamdust_ecumenical_altar_angels_and_demons, serial_forest,
          infiniplex_forest_lined_room_2, infiniplex_forest_fountain,
          infiniplex_forest_clump_diagonal, infiniplex_forest_end_1,
          infiniplex_forest_lined_2, infiniplex_forest_clump_curved,
          infiniplex_forest_lined_3, infiniplex_forest_fountain,
          hangedman_decor_peaks_small, serial_park_tiny_pond,
          kennysheep_another_room, kennysheep_nondescript,
          palyth_stone_intersect, uniq_terence

Skill      XL: |  1  2  3  4  5 |
---------------+----------------+-----
Fighting       | 1 2 |  2.1
Maces & Flails | 1 |  1.6
Spellcasting   | 4 |  4.0
Throwing       | |  0.6
Dodging        | |  2.1
Stealth        | |  1.5

Action                   |  1- 3 |  4- 6 || total
-------------------------+-------+-------++-------
Melee: Unarmed           |     7 |       ||     7
       Club              |    43 |    15 ||    58
Throw: Stone             |    15 |    20 ||    35
 Cast: Magic Dart        |    23 |    31 ||    54
       Searing Ray       |     8 |     8 ||    16
       Summon Small Mamm |     1 |       ||     1
       Fulminant Prism   |       |     2 ||     2
  Use: Scroll            |     6 |       ||     6
Armor: Robe              |    12 |     1 ||    13
Dodge: Dodged            |    46 |    23 ||    69
